 Dungeon Crawl Stone Soup version 0.16.1-11-g651b585 (webtiles) character file.

468 KarvaRausku the Chopper (level 6, -2/53 HPs)
             Began as a Minotaur Gladiator on Apr 6, 2015.
             Slain by an orc
             ... wielding a +0 scimitar
              (3 damage)
             ... on level 4 of the Dungeon.
             The game lasted 00:10:56 (2817 turns).

KarvaRausku the Chopper (Minotaur Gladiator)        Turns: 2817, Time: 00:10:56

Health: -2/53      AC:  6    Str: 21    XL:     6   Next: 81%
Magic:  3/3        EV: 12    Int:  5    God:
Gold:   129        SH:  0    Dex: 11    Spells: 0 memorised, 5 levels left

rFire  . . .     SeeInvis .     a - +0 war axe
rCold  . . .     Clarity  .     q - +0 ring mail
rNeg   . . .     SustAb   +     (no shield)
rPois  .         Gourm    .     c - +0 hat
rElec  .         Spirit   .     i - +0 cloak
rCorr  .         Warding  .     (no gloves)
rMut   .         Stasis   +     (no boots)
MR     .....                    h - amulet of stasis
Stlth  ++........               j - ring of sustain abilities
                                y - ring of stealth

@: drained, not resistant to hostile enchantments, unstealthy
A: retaliatory headbutt, horns 2
a: no special abilities


You were on level 4 of the Dungeon.
You were not hungry.

You visited 1 branch of the dungeon, and saw 4 of its levels.

You collected 129 gold pieces.

Inventory:

Hand weapons
 a - a +0 war axe (weapon)
Missiles
 d - 2 throwing nets (quivered)
 u - 6 tomahawks
Armour
 b - a +0 leather armour
 c - a +0 hat (worn)
 i - a +0 cloak (worn)
 o - a +0 leather armour
 q - a +0 ring mail (worn)
Jewellery
 h - an amulet of stasis (around neck)
 j - a ring of sustain abilities (right hand)
 y - a ring of stealth (left hand)
Scrolls
 r - 2 scrolls of identify {unknown}
 s - a scroll of teleportation {unknown}
 v - a scroll of enchant armour {unknown}
 x - a scroll of remove curse
Potions
 e - a potion of cure mutation {unknown}
 g - a potion of restore abilities
 l - a potion of agility {unknown}
 m - a potion of heal wounds {unknown}
 t - a potion of cancellation {unknown}
 w - a potion of beneficial mutation {unknown}
 z - 2 potions of flight {unknown}
 C - a potion of haste {unknown}
Comestibles
 f - 4 bread rations
 k - a slice of pizza
 A - a beef jerky
 B - a fruit
 D - 4 chunks of flesh


   Skills:
 + Level 4.7(4.5) Fighting
 * Level 6.3(6.2) Axes
 - Level 3.0(2.9) Throwing
 + Level 3.1(3.0) Armour
 + Level 4.3(4.2) Dodging


You had 5 spell levels left.
You didn't know any spells.

Dungeon Overview and Level Annotations

Branches:
Dungeon (4/15)
 Temple: D:4-7

Altars:
Elyvilon
Fedhas
Makhleb
Ru


Innate Abilities, Weirdness & Mutations

You reflexively headbutt those who attack you in melee.
You have a pair of horns on your head.


Message History

The worker ant bites you.
* * * LOW HITPOINT WARNING * * *
The worker ant closely misses you. The goblin completely misses you.
You furiously retaliate!
You headbutt the goblin, but do no damage.
The worker ant bites you but does no damage.
Read which item? (? for menu, Esc to quit)
As you read the scroll labeled TUONUNWODEMAN, it crumbles to dust.
You feel aware of your surroundings.
It was a scroll of magic mapping.
The goblin barely misses you. The worker ant bites you.
* * * LOW HITPOINT WARNING * * *
The orc barely misses you.
Unknown command.
Read which item? (? for menu, Esc to quit)
As you read the scroll labeled ILAIXK EBYIR, it crumbles to dust.
You cannot teleport because you are wearing an amulet of stasis.
It was a scroll of blinking.
The goblin hits you but does no damage. The worker ant misses you.
You furiously retaliate!
You headbutt the worker ant! The orc hits you with a scimitar.
You die...

*,*****,####### *****,* *,*
*,#.....# *,* *,* *,#.....# *,*
*,* *,#.....# *,* *,*****,#.....#
*.* *,,,,,,,#s....# #)#
****,***#o#...# #.# *,* #a##o.#
#.# #.* #@##..### #.# #.*
#go.....# #.# ###.####.......#
#.# #......#.#.....#####.#
#.#.#..W.............# ###
#......#.#......####.# o.#
##.......#.##.#.####.### #.######
#.#..##.#.#..#.#.....(#
.g.....###...(##......#.#.##.#.##


You could see a phantom, a worker ant, 2 orcs, a giant cockroach and a goblin.

Vanquished Creatures
  An ogre (D:4)
  5 orc priests
  4 orc wizards
  4 adders
  2 worms
  An adder skeleton (D:4)
  An ooze (D:4)
  13 orcs
  10 hobgoblins
  4 jackals (D:3)
  2 quokkas
  A ball python (D:3)
  8 bats
  2 giant cockroaches (D:2)
  A giant gecko (D:4)
  6 giant newts
  2 goblins (D:1)
  4 kobolds
  10 rats
81 creatures vanquished.

Vanquished Creatures (others)
  A kobold (D:3)
1 creature vanquished.

Grand Total: 82 creatures vanquished

Notes
Turn   | Place    | Note
--------------------------------------------------------------
     0 | D:1      | KarvaRausku, the Minotaur Gladiator, began the quest for the Orb.
     0 | D:1      | Reached XP level 1. HP: 18/18 MP: 1/1
   380 | D:1      | Reached XP level 2. HP: 25/25 MP: 1/1
   816 | D:2      | Reached skill level 1 in Armour
   924 | D:2      | Reached skill level 4 in Axes
   924 | D:2      | Reached XP level 3. HP: 15/30 MP: 2/2
  1480 | D:3      | Reached XP level 4. HP: 31/38 MP: 2/2
  1626 | D:3      | Reached skill level 5 in Axes
  1626 | D:3      | Reached XP level 5. HP: 13/46 MP: 2/2
  2232 | D:3      | Reached XP level 6. HP: 45/52 MP: 3/3
  2584 | D:4      | Found a burning altar of Makhleb.
  2587 | D:4      | Found a blossoming altar of Fedhas.
  2597 | D:4      | Found a white marble altar of Elyvilon.
  2611 | D:4      | Found a sacrificial altar of Ru.
  2734 | D:4      | Reached skill level 6 in Axes
  2783 | D:4      | HP: 2/53 [orc/scimitar (3)]
  2805 | D:4      | HP: 2/53 [worker ant (4)]
  2816 | D:4      | HP: 1/53 [worker ant (3)]
  2817 | D:4      | Slain by an orc

Action                   |  1- 3 |  4- 6 || total
-------------------------+-------+-------++-------
Melee: War axe           |    68 |    91 ||   159
Throw: Throwing net      |       |     2 ||     2
  Use: Potion            |       |     2 ||     2
       Scroll            |       |     3 ||     3
 Stab: Sleeping          |       |     1 ||     1
  Eat: Chunk             |     2 |     4 ||     6
